MLB
ST. LOUIS CARDINALS @ CHICAGO CUBS
03/16/2047
 
TOP OF THE 1ST
St. Louis Cardinals batting - Pitching for Chicago Cubs : RHP Chris Ray
Pitching: RHP Chris Ray
Batting: LHB Ichiro Toyota 0-0: Ball
1-0: Ball
2-0: Swinging Strike
2-1: Called Strike
2-2: Strikes out swinging, 2-3 out at first.
Batting: RHB Klaas Meij 0-0: SINGLE (Line Drive, 9S, EV 85.0 MPH)
Batting: LHB Shawn Morrison 0-0: Ball
1-0: Called Strike
1-1: Swinging Strike
1-2: Ball
2-2: Ball
3-2: Strikes out swinging
Klaas Meij is caught stealing 2nd base 2-6
Batter strikes out.
Top of the 1st over - 0 runs, 1 hit, 0 errors, 0 left on base; St. Louis 0 - Chicago 0
BOTTOM OF THE 1ST
Chicago Cubs batting - Pitching for St. Louis Cardinals : LHP Antonio Lacayo
Pitching: LHP Antonio Lacayo
Batting: RHB Yasuhide Kasahara 0-0: Ball
1-0: Ball
2-0: Ball
3-0: Base on Balls
Batting: RHB Steve Bartman Jr. 0-0: Ball
1-0: Foul Ball, location: 2F
1-1: Foul Ball, location: 2F
1-2: SINGLE (Line Drive, 6MD, EV 93.8 MPH)
Yasuhide Kasahara to second
Runner from 2nd tries for 3rd, SAFE, throw by CF made to third
Batting: RHB Josh Kalman 0-0: Called Strike
0-1: Foul Ball, location: 2F
0-2: Strikes out swinging
Batting: RHB Elijah Campbell 0-0: Ball
1-0: Foul Ball, location: 2F
1-1: Foul Ball, location: 2F
1-2: Ball
2-2: Ball
3-2: Base on Balls
Steve Bartman Jr. to second
Batting: LHB Kevin Norton 0-0: Swinging Strike
0-1: Ball
1-1: Grounds into double play, 4-6-3 (Groundball, 4, EV 98.1 MPH)
Bottom of the 1st over - 0 runs, 1 hit, 0 errors, 2 left on base; St. Louis 0 - Chicago 0
TOP OF THE 2ND
St. Louis Cardinals batting - Pitching for Chicago Cubs : RHP Chris Ray
Batting: LHB Pat Sutton 0-0: Swinging Strike
0-1: Foul Ball, location: 2F
0-2: Ball
1-2: Ball
2-2: Ball
3-2: Strikes out looking
Batting: RHB Ruben Garza 0-0: Foul Ball, location: 2F
0-1: Called Strike
0-2: Foul Ball, location: 2F
0-2: Ball
1-2: Hit by Pitch
Batting: LHB Billy Guzman 0-0: Ball
1-0: Ball
2-0: Called Strike
2-1: Foul Ball, location: 2F
2-2: Ball
3-2: Foul Ball, location: 2F
3-2: Fly out, F7 (Flyball, 7S, EV 83.8 MPH)
Batting: RHB Mark Cahill 0-0: Ball
1-0: Ball
2-0: Foul Ball, location: 2F
2-1: Foul Ball, location: 2F
2-2: Fly out, F9 (Flyball, 9LM, EV 91.2 MPH)
Top of the 2nd over - 0 runs, 0 hits, 0 errors, 1 left on base; St. Louis 0 - Chicago 0
BOTTOM OF THE 2ND
Chicago Cubs batting - Pitching for St. Louis Cardinals : LHP Antonio Lacayo
Batting: RHB Alan Oxenrider 0-0: Called Strike
0-1: Ball
1-1: Ground out 4-3 (Groundball, 34, EV 106.2 MPH)
Batting: RHB Heef Harted 0-0: Called Strike
0-1: Ground out 4-3 (Groundball, 4, EV 81.2 MPH)
Batting: RHB Kanehisa Kubo 0-0: Ball
1-0: Called Strike
1-1: Called Strike
1-2: Ball
2-2: Strikes out swinging
Bottom of the 2nd over - 0 runs, 0 hits, 0 errors, 0 left on base; St. Louis 0 - Chicago 0
TOP OF THE 3RD
St. Louis Cardinals batting - Pitching for Chicago Cubs : RHP Chris Ray
Batting: RHB Fabrice Bertin 0-0: Foul Ball, location: 2F
0-1: Ball
1-1: Ball
2-1: Foul Ball, location: 2F
2-2: Ball
3-2: Base on Balls
Batting: RHB Terry Baginski 0-0: Called Strike
0-1: Grounds into double play, 6-4-3 (Groundball, 6, EV 90.0 MPH)
Batting: LHB Ichiro Toyota 0-0: Called Strike
0-1: Foul Ball, location: 2F
0-2: Strikes out swinging
Top of the 3rd over - 0 runs, 0 hits, 0 errors, 0 left on base; St. Louis 0 - Chicago 0
BOTTOM OF THE 3RD
Chicago Cubs batting - Pitching for St. Louis Cardinals : LHP Antonio Lacayo
Batting: SHB Seung-ho Zhang 0-0: SINGLE (Line Drive, 9S, EV 112.5 MPH)
Batting: RHB Yasuhide Kasahara 0-0: Ball
1-0: Ball
Seung-ho Zhang is caught stealing 2nd base 2-4
2-0: Ball
3-0: Base on Balls
Batting: RHB Steve Bartman Jr. 0-0: Called Strike
0-1: Grounds into double play, 4-6-3 (Groundball, 4, EV 104.4 MPH)
Bottom of the 3rd over - 0 runs, 1 hit, 0 errors, 0 left on base; St. Louis 0 - Chicago 0
TOP OF THE 4TH
St. Louis Cardinals batting - Pitching for Chicago Cubs : RHP Chris Ray
Batting: RHB Klaas Meij 0-0: Called Strike
0-1: Ball
1-1: Swinging Strike
1-2: Ball
2-2: Fly out, F8 (Flyball, 8LD, EV 89.4 MPH)
Batting: LHB Shawn Morrison 0-0: Ball
1-0: Foul Ball, location: 2F
1-1: Called Strike
1-2: Ball
2-2: Strikes out swinging
Batting: LHB Pat Sutton 0-0: Ball
1-0: Ground out 6-3 (Groundball, 4, EV 107.5 MPH)
Top of the 4th over - 0 runs, 0 hits, 0 errors, 0 left on base; St. Louis 0 - Chicago 0
BOTTOM OF THE 4TH
Chicago Cubs batting - Pitching for St. Louis Cardinals : LHP Antonio Lacayo
Batting: RHB Josh Kalman 0-0: SINGLE (Groundball, 25, EV 68.8 MPH) (infield hit)
Batting: RHB Elijah Campbell 0-0: Foul Ball, location: 2F
0-1: Swinging Strike
0-2: Ball
1-2: Foul Ball, location: 2F
1-2: Strikes out swinging
Batting: LHB Kevin Norton 0-0: Ball
1-0: Ball
2-0: Called Strike
2-1: Fly out, F9 (Flyball, 9D, EV 95.0 MPH)
Batting: RHB Alan Oxenrider 0-0: Called Strike
0-1: Ball
1-1: Ball
2-1: SINGLE (Groundball, 6MD, EV 103.8 MPH)
Josh Kalman to second
Runner from 2nd tries for 3rd, OUT! 8-5
Bottom of the 4th over - 0 runs, 2 hits, 0 errors, 1 left on base; St. Louis 0 - Chicago 0
TOP OF THE 5TH
St. Louis Cardinals batting - Pitching for Chicago Cubs : RHP Chris Ray
Now at 3B: Rich Thurman
Batting: RHB Ruben Garza 0-0: Called Strike
0-1: Ball
1-1: Swinging Strike
1-2: Strikes out swinging
Batting: LHB Billy Guzman 0-0: Ball
1-0: Ball
2-0: Called Strike
2-1: Ball
3-1: Base on Balls
Batting: RHB Mark Cahill 0-0: Ball
1-0: Swinging Strike
1-1: Called Strike
1-2: Strikes out swinging
Batting: RHB Fabrice Bertin 0-0: Fly out, F8 (Flyball, 8LD, EV 81.2 MPH)
Top of the 5th over - 0 runs, 0 hits, 0 errors, 1 left on base; St. Louis 0 - Chicago 0
BOTTOM OF THE 5TH
Chicago Cubs batting - Pitching for St. Louis Cardinals : LHP Antonio Lacayo
Now at 1B: Mark Marks
Batting: RHB Heef Harted 0-0: Ball
1-0: Called Strike
1-1: Fly out, F5 (Popup, 5SF, EV 77.5 MPH)
Batting: RHB Kanehisa Kubo 0-0: Fly out, F7 (Flyball, 7, EV 96.9 MPH)
Batting: SHB Seung-ho Zhang 0-0: Ground out 3-1 (Groundball, 34, EV 82.5 MPH)
Bottom of the 5th over - 0 runs, 0 hits, 0 errors, 0 left on base; St. Louis 0 - Chicago 0
TOP OF THE 6TH
St. Louis Cardinals batting - Pitching for Chicago Cubs : RHP Chris Ray
Pitching: RHP Steve DiDomenico
Now at C: Gabriel Cruz
Batting: RHB Terry Baginski 0-0: Ball
1-0: Ball
2-0: Ball
3-0: Called Strike
3-1: Foul Ball, location: 2F
3-2: Ground out 6-3 (Groundball, 6, EV 88.8 MPH)
Pinch Hitting: RHB Danny Gallo 0-0: Ball
1-0: Swinging Strike
1-1: Swinging Strike
1-2: Strikes out swinging
Pinch Hitting: SHB Luke Robbins 0-0: Foul Ball, location: 2F
0-1: Ball
1-1: Ball
2-1: Ground out 5-3 (Groundball, 56, EV 78.8 MPH)
Top of the 6th over - 0 runs, 0 hits, 0 errors, 0 left on base; St. Louis 0 - Chicago 0
BOTTOM OF THE 6TH
Chicago Cubs batting - Pitching for St. Louis Cardinals : LHP Antonio Lacayo
Now at 2B: Ruben Garza
Now at SS: Luke Robbins
Now in CF: Danny Gallo
Pinch Hitting: LHB Andy Arbuckle 0-0: Swinging Strike
0-1: Foul Ball, location: 2F
0-2: Ball
1-2: Strikes out swinging
Pinch Hitting: RHB Will Leslie 0-0: Ball
1-0: Called Strike
1-1: Swinging Strike
1-2: Ball
2-2: Ball
3-2: Fly out, F7 (Flyball, 7LM, EV 79.4 MPH)
Pinch Hitting: SHB Tim Hone 0-0: Ball
1-0: Ball
2-0: Called Strike
2-1: Called Strike
2-2: Foul Ball, location: 2F
2-2: Strikes out swinging
Bottom of the 6th over - 0 runs, 0 hits, 0 errors, 0 left on base; St. Louis 0 - Chicago 0
TOP OF THE 7TH
St. Louis Cardinals batting - Pitching for Chicago Cubs : RHP Steve DiDomenico
Pitching: LHP George Poirier
Now at 2B: Will Leslie
Now at SS: Andy Arbuckle
Now in LF: Tim Hone
Pinch Hitting: RHB Melvin Enriquez 0-0: Swinging Strike
0-1: Foul Ball, location: 2F
0-2: Ball
1-2: Foul Ball, location: 2F
1-2: Fly out, F4 (Popup, 4, EV 51.9 MPH)
Batting: RHB Jordan Diaz 0-0: Ball
1-0: Ball
2-0: Foul Ball, location: 2F
2-1: Ball
3-1: Called Strike
3-2: Foul Ball, location: 2F
3-2: Base on Balls
Pinch Hitting: SHB Antoine Roux 0-0: Foul Ball, location: 2F
0-1: Ball
1-1: Fly out, F9 (Flyball, 9D, EV 94.4 MPH)
Pinch Hitting: LHB Tom Butterbaugh 0-0: Ball
1-0: Swinging Strike
1-1: Foul Ball, location: 2F
1-2: Ball
2-2: Ball
3-2: DOUBLE (Flyball, 8RXD, EV 112.5 MPH)
Jordan Diaz to third
Jordan Diaz scores
Batting: RHB Mark Marks 0-0: Ball
1-0: Called Strike
1-1: Foul Ball, location: 2F
1-2: Ground out 5-3 (Groundball, 56, EV 90.0 MPH)
Top of the 7th over - 1 run, 1 hit, 0 errors, 1 left on base; St. Louis 1 - Chicago 0
BOTTOM OF THE 7TH
Chicago Cubs batting - Pitching for St. Louis Cardinals : LHP Antonio Lacayo
Pitching: LHP John Grinter
Now at 2B: Antoine Roux
Now at 3B: Tom Butterbaugh
Now in LF: Melvin Enriquez
Batting: RHB Rich Thurman 0-0: Swinging Strike
0-1: Ball
1-1: Called Strike
1-2: Ball
2-2: Strikes out swinging
Pinch Hitting: RHB Brian Gargis 0-0: Ball
1-0: Foul Ball, location: 2F
1-1: Fly out, F7 (Flyball, 78D, EV 91.2 MPH)
Batting: RHB Adam O'Hare 0-0: Ball
1-0: Foul Ball, location: 2F
1-1: Swinging Strike
1-2: Strikes out swinging
Bottom of the 7th over - 0 runs, 0 hits, 0 errors, 0 left on base; St. Louis 1 - Chicago 0
TOP OF THE 8TH
St. Louis Cardinals batting - Pitching for Chicago Cubs : LHP George Poirier
Pitching: LHP Jesse Fields
Now in CF: Brian Gargis
Now in RF: Seung-ho Zhang
Pinch Hitting: LHB Frank Hill 0-0: Ball
1-0: Ball
2-0: Ball
3-0: Called Strike
3-1: Foul Ball, location: 2F
3-2: Ground out 4-3 (Groundball, 34D, EV 103.1 MPH)
Batting: RHB Terry Baginski 0-0: Ball
1-0: Foul Ball, location: 2F
1-1: Swinging Strike
1-2: Ball
2-2: Fly out, F7 (Line Drive, 7, EV 91.2 MPH)
Batting: RHB Danny Gallo 0-0: Ball
1-0: Ball
2-0: Swinging Strike
2-1: Foul Ball, location: 2F
2-2: Strikes out swinging
Top of the 8th over - 0 runs, 0 hits, 0 errors, 0 left on base; St. Louis 1 - Chicago 0
BOTTOM OF THE 8TH
Chicago Cubs batting - Pitching for St. Louis Cardinals : LHP John Grinter
Pitching: RHP Josh Ambrose
Now in RF: Frank Hill
Pinch Hitting: RHB Francisco Ramirez 0-0: SINGLE (Groundball, 34D, EV 108.8 MPH)
Batting: SHB Gabriel Cruz 0-0: Fly out, F8 (Flyball, 8LD, EV 100.6 MPH)
Pinch Hitting: LHB Barend van der Kamp 0-0: Ball
1-0: Called Strike
1-1: Foul Ball, location: 2F
1-2: SINGLE (Line Drive, 78S, EV 90.0 MPH)
Francisco Ramirez to second
Batting: LHB Andy Arbuckle 0-0: Ball
1-0: Swinging Strike
1-1: Ball
2-1: Foul Ball, location: 2F
2-2: Foul Ball, location: 2F
2-2: Foul Ball, location: 2F
2-2: Ball
3-2: Base on Balls
Francisco Ramirez to third
Barend van der Kamp to second
Batting: RHB Will Leslie 0-0: Ball
1-0: Foul Ball, location: 2F
1-1: Ball
2-1: Foul Ball, location: 2F
2-2: Ball
3-2: SINGLE (Groundball, 25, EV 61.2 MPH) (infield hit)
Francisco Ramirez scores
Barend van der Kamp to third
Andy Arbuckle to second
Batting: SHB Tim Hone 0-0: Ball
1-0: Foul Ball, location: 2F
1-1: Foul Ball, location: 2F
1-2: Strikes out swinging
Batting: RHB Rich Thurman 0-0: Foul Ball, location: 2F
0-1: Called Strike
0-2: Ball
1-2: Fly out, F8 (Flyball, 8RXD, EV 96.2 MPH)
Bottom of the 8th over - 1 run, 3 hits, 0 errors, 3 left on base; St. Louis 1 - Chicago 1
TOP OF THE 9TH
St. Louis Cardinals batting - Pitching for Chicago Cubs : LHP Jesse Fields
Pitching: RHP Jose Ramirez
Now at 1B: Francisco Ramirez
Now in RF: Barend van der Kamp
Batting: SHB Luke Robbins 0-0: Called Strike
0-1: Ball
1-1: Foul Ball, location: 2F
1-2: Ball
2-2: Strikes out swinging
Batting: RHB Melvin Enriquez 0-0: Ball
1-0: Ball
2-0: Ground out 5-3 (Groundball, 56, EV 107.5 MPH)
Batting: RHB Jordan Diaz 0-0: Ball
1-0: Called Strike
1-1: Fly out, F8 (Flyball, 8RM, EV 96.2 MPH)
Top of the 9th over - 0 runs, 0 hits, 0 errors, 0 left on base; St. Louis 1 - Chicago 1
BOTTOM OF THE 9TH
Chicago Cubs batting - Pitching for St. Louis Cardinals : RHP Josh Ambrose
Pitching: LHP Danny Rivera
Batting: RHB Brian Gargis 0-0: Ball
1-0: Called Strike
1-1: Called Strike
1-2: Strikes out swinging
Batting: RHB Adam O'Hare 0-0: Called Strike
0-1: Ball
1-1: Swinging Strike
1-2: Ball
2-2: Foul Ball, location: 2F
2-2: Ball
3-2: Strikes out swinging
Batting: RHB Francisco Ramirez 0-0: Called Strike
0-1: Ball
1-1: Ball
2-1: Fly out, F9 (Flyball, 9, EV 95.6 MPH)
Bottom of the 9th over - 0 runs, 0 hits, 0 errors, 0 left on base; St. Louis 1 - Chicago 1
TOP OF THE 10TH
St. Louis Cardinals batting - Pitching for Chicago Cubs : RHP Jose Ramirez
Pitching: RHP Yeong-kil Suck
Batting: SHB Antoine Roux 0-0: Swinging Strike
0-1: Swinging Strike
0-2: Ball
1-2: Strikes out swinging
Batting: LHB Tom Butterbaugh 0-0: SINGLE (Groundball, 56D, EV 94.4 MPH)
Batting: RHB Mark Marks 0-0: Fly out, F9 (Flyball, 89XD, EV 96.2 MPH)
Batting: LHB Frank Hill 0-0: Called Strike
0-1: Swinging Strike
0-2: Ball
1-2: Strikes out looking
Top of the 10th over - 0 runs, 1 hit, 0 errors, 1 left on base; St. Louis 1 - Chicago 1
BOTTOM OF THE 10TH
Chicago Cubs batting - Pitching for St. Louis Cardinals : LHP Danny Rivera
Pitching: RHP Jim Vickers
Batting: SHB Gabriel Cruz 0-0: Called Strike
0-1: Ball
1-1: Ball
2-1: Foul Ball, location: 2F
2-2: Ground out 4-3 (Groundball, 4, EV 101.9 MPH)
Batting: LHB Barend van der Kamp 0-0: Called Strike
0-1: Foul Ball, location: 2F
0-2: Foul Ball, location: 2F
0-2: Ball
1-2: Ball
2-2: Strikes out swinging, 2-3 out at first.
Batting: LHB Andy Arbuckle 0-0: Ball
1-0: Called Strike
1-1: Foul Ball, location: 2F
1-2: Fly out, F7 (Flyball, 78D, EV 95.6 MPH)
Bottom of the 10th over - 0 runs, 0 hits, 0 errors, 0 left on base; St. Louis 1 - Chicago 1
TOP OF THE 11TH
St. Louis Cardinals batting - Pitching for Chicago Cubs : RHP Yeong-kil Suck
Pitching: RHP Timo Lantinga
Pinch Hitting: SHB Jason Kirby 0-0: Swinging Strike
0-1: Ball
1-1: Called Strike
1-2: Strikes out swinging
Pinch Hitting: RHB Austin Akers 0-0: Called Strike
0-1: Ball
1-1: SINGLE (Groundball, 5S, EV 71.2 MPH) (infield hit)
Pinch Hitting: SHB Francisco Gutierrez 0-0: Called Strike
0-1: Foul Ball, location: 2F
0-2: Ball
1-2: Ball
2-2: Strikes out swinging
Batting: RHB Melvin Enriquez 0-0: Swinging Strike
0-1: Swinging Strike
0-2: Ball
1-2: Strikes out swinging
Top of the 11th over - 0 runs, 1 hit, 0 errors, 1 left on base; St. Louis 1 - Chicago 1
BOTTOM OF THE 11TH
Chicago Cubs batting - Pitching for St. Louis Cardinals : RHP Jim Vickers
Pitching: RHP Derek White
Now at C: Jason Kirby
Now at 2B: Antoine Roux
Now at SS: Francisco Gutierrez
Now in LF: Austin Akers
Now in CF: Melvin Enriquez
Batting: RHB Will Leslie 0-0: Ball
1-0: Foul Ball, location: 2F
1-1: Swinging Strike
1-2: Strikes out swinging
Batting: SHB Tim Hone 0-0: Ball
1-0: Ball
2-0: Called Strike
2-1: Ball
3-1: Called Strike
3-2: Base on Balls
Pinch Hitting: RHB Efrain Vargas 0-0: Called Strike
0-1: Foul Ball, location: 2F
0-2: Foul Ball, location: 2F
0-2: Ball
1-2: Foul Ball, location: 2F
1-2: Ball
2-2: Strikes out looking
Batting: RHB Brian Gargis 0-0: Ball
1-0: Ball
2-0: Called Strike
2-1: Ball
3-1: Called Strike
3-2: Base on Balls
Tim Hone to second
Batting: RHB Adam O'Hare 0-0: Called Strike
0-1: Swinging Strike
0-2: Ground out 3-1 (Groundball, 34S, EV 91.2 MPH)
Bottom of the 11th over - 0 runs, 0 hits, 0 errors, 2 left on base; St. Louis 1 - Chicago 1
TOP OF THE 12TH
St. Louis Cardinals batting - Pitching for Chicago Cubs : RHP Timo Lantinga
Pitching: RHP Willie Ramos
Now at 3B: Efrain Vargas
Batting: RHB Joe Alley 0-0: Ball
1-0: Ball
2-0: Ball
3-0: Called Strike
3-1: Foul Ball, location: 2F
3-2: Fly out, F3 (Popup, 3S, EV 76.9 MPH)
Batting: SHB Antoine Roux 0-0: Ball
1-0: Ball
2-0: Ball
3-0: Base on Balls
Batting: LHB Tom Butterbaugh 0-0: Hit by Pitch
Antoine Roux to second
Batting: RHB Mark Marks 0-0: Foul Ball, location: 2F
0-1: Swinging Strike
0-2: Ball
1-2: Ball
2-2: Foul Ball, location: 2F
2-2: Ball
3-2: Grounds into double play, 6-4-3 (Groundball, 6, EV 109.4 MPH)
Top of the 12th over - 0 runs, 0 hits, 0 errors, 1 left on base; St. Louis 1 - Chicago 1
BOTTOM OF THE 12TH
Chicago Cubs batting - Pitching for St. Louis Cardinals : RHP Derek White
Pitching: RHP Brian Sanderson
Batting: RHB Francisco Ramirez 0-0: Hit by Pitch
Batting: SHB Gabriel Cruz 0-0: Swinging Strike
0-1: Ball
1-1: Foul Ball, location: 2F
1-2: Strikes out swinging
Batting: LHB Barend van der Kamp 0-0: Ball
Francisco Ramirez is caught stealing 2nd base 2-6
1-0: Swinging Strike
1-1: Ball
2-1: Ball
3-1: Base on Balls
Batting: LHB Andy Arbuckle 0-0: Foul Ball, location: 2F
0-1: Fly out, F6 (Line Drive, 6D, EV 74.4 MPH)
Bottom of the 12th over - 0 runs, 0 hits, 0 errors, 1 left on base; St. Louis 1 - Chicago 1
TOP OF THE 13TH
St. Louis Cardinals batting - Pitching for Chicago Cubs : RHP Willie Ramos
Pitching: RHP Arnaldo Cardamenho
Batting: LHB Frank Hill 0-0: Foul Ball, location: 2F
0-1: SINGLE (Groundball, 13S, EV 71.9 MPH) (infield hit)
Batting: SHB Jason Kirby 0-0: Ball
Frank Hill steals 2nd base
1-0: Intentional Walk
Batting: RHB Austin Akers 0-0: Called Strike
0-1: Sac Bunt to 5S - play at first, batter OUT! 5-4
Frank Hill to third
Jason Kirby to second
Batting: SHB Francisco Gutierrez 0-0: Called Strike
0-1: Called Strike
0-2: Foul Ball, location: 2F
0-2: Ball
1-2: Foul Ball, location: 2F
1-2: Strikes out swinging
Batting: RHB Melvin Enriquez 0-0: Foul Ball, location: 2F
0-1: Ball
1-1: Called Strike
1-2: Ball
2-2: Fly out, F7 (Flyball, 7D, EV 103.8 MPH)
Top of the 13th over - 0 runs, 1 hit, 0 errors, 2 left on base; St. Louis 1 - Chicago 1
BOTTOM OF THE 13TH
Chicago Cubs batting - Pitching for St. Louis Cardinals : RHP Brian Sanderson
Pitching: RHP Rafael Montano
Batting: RHB Will Leslie 0-0: Foul Ball, location: 2F
0-1: Ball
1-1: Ball
2-1: Ground out 6-3 (Groundball, 6, EV 103.1 MPH)
Batting: SHB Tim Hone 0-0: Called Strike
0-1: Ball
1-1: Ball
2-1: Ball
3-1: Base on Balls
Batting: RHB Efrain Vargas 0-0: Foul Ball, location: 2F
0-1: Ball
1-1: Ball
2-1: Swinging Strike
2-2: Ball
3-2: Base on Balls
Tim Hone to second
Batting: RHB Brian Gargis 0-0: Fly out, F9 (Flyball, 9, EV 87.5 MPH)
Batting: RHB Adam O'Hare 0-0: Called Strike
0-1: Swinging Strike
0-2: Strikes out looking
Bottom of the 13th over - 0 runs, 0 hits, 0 errors, 2 left on base; St. Louis 1 - Chicago 1
TOP OF THE 14TH
St. Louis Cardinals batting - Pitching for Chicago Cubs : RHP Arnaldo Cardamenho
Pitching: RHP Jorge Mora
Batting: RHB Joe Alley 0-0: Ball
1-0: Called Strike
1-1: Ground out U3 (Groundball, 34S, EV 78.1 MPH)
Batting: SHB Antoine Roux 0-0: Called Strike
0-1: Ball
1-1: Swinging Strike
1-2: Foul Ball, location: 2F
1-2: Ball
2-2: Ball
3-2: Base on Balls
Batting: LHB Tom Butterbaugh 0-0: Ball
1-0: Fly out, F5 (Popup, 15, EV 78.1 MPH)
Batting: RHB Mark Marks 0-0: Ball
1-0: Fly out, F4 (Popup, 4S, EV 74.4 MPH)
Top of the 14th over - 0 runs, 0 hits, 0 errors, 1 left on base; St. Louis 1 - Chicago 1
BOTTOM OF THE 14TH
Chicago Cubs batting - Pitching for St. Louis Cardinals : RHP Rafael Montano
Pitching: RHP Chad Mangum
Batting: RHB Francisco Ramirez 0-0: SINGLE (Line Drive, 8RS, EV 91.2 MPH)
Batting: SHB Gabriel Cruz 0-0: Ball
1-0: Sac Bunt to 15 - play at second, runner OUT! 1-6
Batting: LHB Barend van der Kamp 0-0: Ball
1-0: Ball
2-0: Foul Ball, location: 2F
2-1: Ball
3-1: Base on Balls
Gabriel Cruz to second
Batting: LHB Andy Arbuckle 0-0: Foul Ball, location: 2F
0-1: Swinging Strike
0-2: Fly out, F7 (Flyball, 7, EV 91.9 MPH)
Batting: RHB Will Leslie 0-0: Called Strike
0-1: Ball
1-1: Ball
2-1: Foul Ball, location: 2F
2-2: Ball
3-2: Foul Ball, location: 2F
3-2: Ground out 6-3 (Groundball, 6, EV 88.1 MPH)
Bottom of the 14th over - 0 runs, 1 hit, 0 errors, 2 left on base; St. Louis 1 - Chicago 1
TOP OF THE 15TH
St. Louis Cardinals batting - Pitching for Chicago Cubs : RHP Jorge Mora
Pitching: RHP Josh Ready
Batting: LHB Frank Hill 0-0: SINGLE (Line Drive, 34D, EV 101.9 MPH)
Batting: SHB Jason Kirby 0-0: Ball
1-0: Called Strike
1-1: Ball
2-1: Ball
3-1: Base on Balls
Frank Hill to second
Batting: RHB Austin Akers 0-0: Called Strike
0-1: Ball
1-1: Ground out 5-3 (Groundball, 56S, EV 85.6 MPH)
Frank Hill to third
Jason Kirby to second
Batting: SHB Francisco Gutierrez 0-0: Ball
1-0: Foul Ball, location: 2F
1-1: Ball
2-1: Ball
3-1: Called Strike
3-2: Base on Balls
Batting: RHB Melvin Enriquez 0-0: Ball
1-0: Called Strike
1-1: Ball
2-1: Foul Ball, location: 2F
2-2: Strikes out swinging
Batting: RHB Joe Alley 0-0: Called Strike
0-1: Called Strike
0-2: Ball
1-2: Ball
2-2: Foul Ball, location: 2F
2-2: Foul Ball, location: 2F
2-2: Ball
3-2: SINGLE (Line Drive, 89S, EV 85.6 MPH)
Frank Hill scores
Jason Kirby to third
Francisco Gutierrez to second
Jason Kirby scores
Francisco Gutierrez to third
Batting: SHB Antoine Roux 0-0: Fly out, F5 (Popup, 56S, EV 76.9 MPH)
Top of the 15th over - 2 runs, 2 hits, 0 errors, 2 left on base; St. Louis 3 - Chicago 1
BOTTOM OF THE 15TH
Chicago Cubs batting - Pitching for St. Louis Cardinals : RHP Chad Mangum
Pitching: RHP Mike Pemble
Batting: SHB Tim Hone 0-0: Swinging Strike
0-1: Foul Ball, location: 2F
0-2: Ball
1-2: Foul Ball, location: 2F
1-2: Ball
2-2: Strikes out swinging
Batting: RHB Efrain Vargas 0-0: Ball
1-0: Ball
2-0: Ground out U3 (Groundball, 34, EV 101.9 MPH)
Batting: RHB Brian Gargis 0-0: Ball
1-0: SINGLE (Groundball, 6MD, EV 98.8 MPH)
Batting: RHB Adam O'Hare 0-0: Called Strike
0-1: Foul Ball, location: 2F
0-2: Strikes out looking
Bottom of the 15th over - 0 runs, 1 hit, 0 errors, 1 left on base; St. Louis 3 - Chicago 1
Thursday, December 15th , 2022 - OOTP Baseball 23.9 Build 102